 Dungeon Crawl Stone Soup version 0.16-a0-2675-g216447c (console) character file.

1115 utis the Conjurer (level 8, -3/41 HPs)
             Began as a Deep Elf Earth Elementalist on Nov 24, 2014.
             Slain by an orc warrior
             ... wielding a cursed -3 glaive
              (20 damage)
             ... on level 5 of the Dungeon.
             The game lasted 00:19:34 (7677 turns).

utis the Conjurer (Deep Elf Earth Elementalist)     Turns: 7677, Time: 00:19:34

Health: -3/41      AC:  5    Str:  7    XL:     8   Next: 12%
Magic:  20/21      EV:  9    Int: 21    God:
Gold:   154        SH:  0    Dex: 15    Spells: 4 memorised, 4 levels left

rFire  . . .     SeeInvis .     b - 154 stones {=f}
rCold  . . .     Clarity  .     g - +0 ring mail of the Known World {Slay+3}
rNeg   . . .     SustAb   .     (no shield)
rPois  .         Gourm    .     (no helmet)
rElec  .         Spirit   .     (no cloak)
rCorr  .         Warding  .     (no gloves)
rMut   .         Stasis   .     (no boots)
MR     .....                    (no amulet)
Stlth  +.........               (no ring)
                                (no ring)

@: not resistant to hostile enchantments, very unstealthy
A: no striking features
a: no special abilities


You were on level 5 of the Dungeon.
You were not hungry.

You visited 1 branch of the dungeon, and saw 6 of its levels.
You also visited: Sewer.

You collected 278 gold pieces.
You spent 124 gold pieces at shops.

Inventory:

Hand weapons
 a - a +3 quarterstaff of crushing
 c - a +0 blowgun
 d - a +0 hunting sling
 A - a +0 short sword
 F - a +0 hunting sling
 H - a +2 dagger of draining {=f}
 I - a +0 quarterstaff
Missiles
 b - 154 stones (in hand) {=f}
 m - 20 poisoned needles
 G - 27 sling bullets
Armour
 g - the +0 ring mail of the Known World (worn) {Slay+3}
   (You found it on level 5 of the Dungeon)

   It affects your accuracy and damage with ranged weapons and melee attacks
   (+3).
 k - a +1 leather armour
 y - a +0 cloak
 J - a +0 robe
Jewellery
 D - an uncursed ring of magical power {unknown}
 E - an uncursed amulet of faith {unknown}
 O - an uncursed ring of flight {unknown}
Magical devices
 u - a wand of lightning (11)
 M - a wand of random effects (7)
Scrolls
 i - a scroll of remove curse
 o - a scroll of magic mapping
 q - a scroll of recharging
 s - 4 scrolls of teleportation {!r}
 K - a scroll of enchant weapon
Potions
 j - 6 potions of agility
 n - a potion of cancellation
 r - 2 potions of curing
 x - a potion of brilliance {unknown}
 z - 2 potions of restore abilities
 B - a potion of cure mutation {unknown}
 C - 2 potions of invisibility
 L - a potion of confusion {unknown}
 N - 2 potions of magic
Books
 l - a book of Geomancy

   Spells                             Type                      Level
   *Sandblast                         Earth                        1
   *Stoneskin                         Transmutation/Earth          2
   *Passwall                          Transmutation/Earth          3
   *Stone Arrow                       Conjuration/Earth            3
   Petrify                            Transmutation/Earth          4
   Lee's Rapid Deconstruction         Earth                        5
 p - a book of Beasts

   Spells                             Type                      Level
   Summon Butterflies                 Summoning                    1
   Call Canine Familiar               Summoning                    3
   Summon Ice Beast                   Ice/Summoning                4
   Summon Mana Viper                  Hexes/Summoning              5
   Monstrous Menagerie                Summoning                    6
   Summon Hydra                       Summoning                    7
Comestibles
 e - 5 bread rations
 f - 2 beef jerkies
 h - 4 fruits
 t - 2 royal jellies
 v - 8 meat rations


   Skills:
 + Level 0.0 Fighting
 - Level 3.3 Armour
 - Level 5.6 Dodging
 - Level 2.4 Stealth
 - Level 3.0 Spellcasting
 - Level 6.3 Conjurations
 - Level 1.1 Transmutations
 - Level 5.8 Earth Magic


You had 4 spell levels left.
You knew the following spells:

 Your Spells              Type           Power        Failure   Level  Hunger
a - Sandblast             Erth           ####..       2%          1    None
b - Stone Arrow           Conj/Erth      ####..       10%         3    ###....
o - Stoneskin             Trmt/Erth      ###.....     14%         2    ##.....
Z - Passwall              Trmt/Erth      ###.......   24%         3    ###....


Dungeon Overview and Level Annotations

Branches:
Dungeon (6/15)
 Temple: D:4-7

Altars:
Cheibriados
Dithmenos
Elyvilon
Gozag
Xom
Zin

Shops:
D:4 *


Message History

Casting: Sandblast
Confirm with . or Enter, or press ? or * to list all spells.
Aiming: Sandblast
Press: ? - help, Shift-Dir - straight line, f/p - orc warrior
Aim: an orc warrior, wielding a glaive and wearing a plate armour The rocky blast hits the orc warrior.
The orc warrior is lightly wounded.
The orc warrior hits you with a glaive!
* * * LOW HITPOINT WARNING * * *
Unknown command.
The orc warrior hits you with a glaive.
* * * LOW HITPOINT WARNING * * *
There is a stone staircase leading up, spattered with blood here.
The orc priest calls upon Beogh to heal the orc warrior.
The orc warrior's wounds heal themselves!
The orc warrior completely misses you.
You climb upwards.
There is a stone staircase leading down here.
The orc warrior hits you from afar with a glaive!!
You die...

.▓▓ ▓▓...▓▓ ▓▓[....▓ ▓▓
▓...▓ ▓▓.▓▓▓..▓ ▓
▓▓...▓▓▓▓.▓▓ ▓..▓▓ ▓
▓▓..▓..▓▓.▓▓ ▓▓..▓▓▓▓▓
▓▓ ▓▓.▓▓▓▓...▓▓
▓......▓▓▓ .▓▓ ▓▓.▓▓
▓▓..▓ ▓▓▓..▓▓..▓ ▓.▓▓▓
▓..▓ ▓..▓▓▓▓▓▓▓ ▓▓▓▓▓▓..
▓▓..▓▓▓..▓▓ ▓▓..>o....▓▓
▓▓.
▓▓..▓▓▓..▓▓▓▓..e▓▓..▓..▓
▓▓ ▓..▓
▓▓▓..▓▓▓..▓▓▓..▓)▓▓▓▓▓▓
▓ ▓▓.▓▓
▓▓▓.▓▓..▓▓▓▓.▓..▓▓..▓▓
▓▓..▓ ▓▓.▓▓▓..▓
▓..▓.▓....▓ ▓..▓▓ ▓▓..▓
▓▓.▓ ▓▓.....▓▓.▓
..▓▓▓▓▓▓▓▓...▓ ▓▓.▓
▓▓...▓▓▓.▓
...........▓▓▓ ▓..▓
▓▓....▓▓.▓ .......▓▓▓▓▓
▓▓.▓▓ ▓▓.▓...▓▓.▓
8..▓...▓
▓..▓▓▓▓.▓▓▓...▓.▓


You could see an orc warrior.

Vanquished Creatures
  A water moccasin (D:6)
  Purgy (Sewer)
  A phantom (D:5)
  4 centaurs
  A crimson imp (D:5)
  A giant frog zombie (D:6)
  An iguana (D:5)
  An orc priest (D:6)
  3 orc wizards
  2 worker ants
  A hound skeleton (D:4)
  8 adders
  5 gnolls
  3 worms
  An adder skeleton (D:4)
  9 giant geckos
  3 oozes
  7 orcs
  12 bats
  A bat skeleton (D:4)
  6 giant cockroaches
  7 goblins
  8 hobgoblins
  4 quokkas
  3 ball pythons
  A ball python zombie (D:5)
  A giant gecko zombie (D:6)
  2 giant newts
  11 kobolds
  4 rats
  2 butterflies (D:6)
115 creatures vanquished.

Notes
Turn   | Place    | Note
--------------------------------------------------------------
     0 | D:1      | utis, the Deep Elf Earth Elementalist, began the quest for the Orb.
     0 | D:1      | Reached XP level 1. HP: 10/10 MP: 5/5
   510 | D:1      | Reached skill level 4 in Earth Magic
   510 | D:1      | Reached XP level 2. HP: 15/15 MP: 3/8
   697 | D:1      | Learned a level 2 spell: Stoneskin
   946 | D:2      | Reached XP level 3. HP: 19/19 MP: 6/10
   983 | D:2      | Learned a level 3 spell: Stone Arrow
  1277 | D:2      | Reached skill level 5 in Earth Magic
  1509 | D:2      | Reached skill level 1 in Conjurations
  1655 | D:2      | Reached XP level 4. HP: 24/24 MP: 7/13
  2373 | D:3      | Found a white marble altar of Elyvilon.
  3346 | D:3      | Reached XP level 5. HP: 26/28 MP: 12/16
  3788 | D:4      | Found Skeg's Assorted Antiques.
  3815 | D:4      | Bought a glowing quarterstaff for 124 gold pieces
  3942 | D:4      | Found a glowing drain.
  3964 | Sewer    | Entered a sewer
  4028 | Sewer    | Noticed Purgy
  4033 | Sewer    | Killed Purgy
  4033 | Sewer    | Reached skill level 5 in Conjurations
  4033 | Sewer    | Reached XP level 6. HP: 9/32 MP: 13/18
  4265 | Sewer    | Learned a level 3 spell: Passwall
  4638 | D:4      | Found a snail-covered altar of Cheibriados.
  5028 | D:5      | Entered Level 5 of the Dungeon
  5242 | D:5      | Found a shadowy altar of Dithmenos.
  5320 | D:5      | Reached skill level 6 in Conjurations
  5475 | D:5      | Reached XP level 7. HP: 7/36 MP: 14/20
  5787 | D:5      | Found an opulent altar of Gozag.
  5964 | D:5      | Got a spiked ring mail
  5989 | D:5      | Identified the +0 ring mail of the Known World {Slay+3} (You found it on level 5 of the Dungeon)
  6123 | D:5      | Found a glowing silver altar of Zin.
  6263 | D:5      | Reached skill level 1 in Armour
  7159 | D:6      | Reached skill level 5 in Dodging
  7380 | D:6      | Found a shimmering altar of Xom.
  7433 | D:6      | Reached XP level 8. HP: 41/41 MP: 18/21
  7677 | D:5      | Slain by an orc warrior

Action                   |  1- 3 |  4- 6 |  7- 9 || total
-------------------------+-------+-------+-------++-------
Melee: Short sword       |     1 |       |       ||     1
       Quarterstaff      |       |    47 |     8 ||    55
 Fire: Blowgun           |       |     2 |       ||     2
Throw: Stone             |     1 |       |       ||     1
 Cast: Sandblast         |    66 |    94 |    61 ||   221
       Stoneskin         |     1 |     1 |       ||     2
       Stone Arrow       |       |     1 |       ||     1
  Use: Scroll            |     5 |    13 |     1 ||    19
       Potion            |       |       |     2 ||     2
 Stab: Sleeping          |       |     2 |       ||     2
  Eat: Chunk             |     2 |    10 |     8 ||    20
       Fruit             |       |     1 |       ||     1
